 Dungeon Crawl Stone Soup version 0.31-a0-801-gc67433417a (webtiles) character file.

Game seed: 16479821726439317874

383 GordonOverkill the Sneak (level 6, -7/37 HPs)
             Began as a Deep Elf Delver on Sept 20, 2023.
             Was an Initiate of Vehumet.
             Mangled by an orc
             ... wielding a +2 falchion of electrocution
              (12 damage)
             ... on level 5 of the Dungeon.
             The game lasted 00:10:02 (4645 turns).

GordonOverkill the Sneak (Deep Elf Delver)          Turns: 4645, Time: 00:10:02

Health: -7/37      AC:  6    Str:  9    XL:     6   Next: 47%
Magic:  12/12      EV: 12    Int: 17    God:    Vehumet [......]
Gold:   150        SH:  0    Dex: 16    Spells: 8/11 levels left

rFire   . . .        k - staff of poison
rCold   . . .        (no shield)
rNeg    . . .        b - +0 leather armour
rPois   +            s - +0 helmet
rElec   .            o - +0 cloak
rCorr   .            (no gloves)
SInv    .            p - +0 pair of boots
Will    .....        (no amulet)
Stlth   +++          (no ring)
HPRegen 0.26/turn    (no ring)
MPRegen 0.13/turn

%: no passive effects
@: no status effects
A: no striking features
a: Renounce Religion


You were on level 5 of the Dungeon.
You worshipped Vehumet.
Vehumet was noncommittal.
You visited 2 branches of the dungeon, and saw 6 of its levels.

You collected 150 gold pieces.

Inventory:

Hand Weapons
 m - a +1 dagger of speed
 y - a +0 rapier
Missiles
 B - 2 boomerangs (quivered)
 C - 7 javelins
Armour
 b - a +0 leather armour (worn)
 l - a +0 robe
 o - a +0 cloak (worn)
 p - a +0 pair of boots (worn)
 s - a +0 helmet (worn)
Magical Staves
 k - a staff of poison (weapon)
 E - a staff of air
Jewellery
 n - a ring of ice
Wands
 g - a wand of digging (3)
 i - a wand of paralysis (2)
 D - a wand of quicksilver (10)
Scrolls
 c - a scroll of fog
 d - a scroll of poison {unknown}
 e - 2 scrolls of fear
 j - a scroll of revelation
 q - a scroll of enchant weapon
 r - a scroll of silence {unknown}
 t - 2 scrolls of identify
 u - a scroll of vulnerability {unknown}
 x - a scroll of noise
 A - a scroll of teleportation {unknown}
Potions
 a - a potion of heal wounds {unknown}
 f - a potion of haste
 h - a potion of invisibility
 v - a potion of degeneration {unknown}
 w - a potion of brilliance {unknown}
 z - a potion of berserk rage {unknown}


   Skills:
 - Level 3.0 Fighting
 - Level 2.0 Short Blades
 - Level 3.0 Staves
 - Level 2.4 Dodging
 - Level 6.0 Stealth
 - Level 3.0 Spellcasting
 + Level 0.9 Translocations
 + Level 0.0 Poison Magic
 - Level 5.0 Evocations


You had 8 spell levels left.
You knew the following spells:

 Your Spells              Type           Power      Damage    Failure   Level
a - Apportation           Tloc           10%        N/A       17%         1
b - Blink                 Tloc           10%        N/A       26%         2

Your spell library contained the following spells:

 Spells                   Type           Power      Damage    Failure   Level
 Necrotise                Necr           8%         1d4       24%         1
 Summon Small Mammal      Summ           8%         N/A       24%         1
 Manifold Assault         Tloc           5%         N/A       86%         4


Dungeon Overview and Level Annotations

Branches:
Dungeon (5/15)             Temple (1/1) D:4

Altars:
Ashenzari
Cheibriados
Dithmenos
Elyvilon
Fedhas
Hepliaklqana
Kikubaaqudgha
Makhleb
Nemelex Xobeh
Okawaru
Qazlal
Ru
Sif Muna
Trog
Uskayaw
Vehumet
Wu Jian
Xom
Yredelemnul
Zin
The Shining One

Annotations:
D:3 blamed's ghost, amateur VSFi


Message History

Found an escape hatch in the floor.
There is a stone staircase leading up here.
a - a murky inky potion You open the door.
There is an open door here.
An orc comes into view.
It is wielding a +2 falchion of electrocution.
An orc is nearby!
An orc is nearby!
An orc is nearby!
An orc priest comes into view. It is wielding a +0 club.
An orc comes into view. It is wielding a +0 dagger.
An orc and an orc priest come into view.
The orc shouts! x2; The orc priest shouts!
You hit the orc.
The orc is heavily wounded.
The orc hits you but does no damage.
The orc priest calls down the wrath of Beogh upon you.
Beogh smites you! The orc attacks as it pursues you! The orc barely misses you.
The orc attacks as it pursues you! The orc barely misses you.
The orc attacks as it pursues you! The orc hits you but does no damage.
There is an open door here.
You are too injured to fight recklessly!
You are too injured to fight recklessly!
You are too injured to fight recklessly!
You are too injured to fight recklessly!
You are too injured to fight recklessly!
You closely miss the orc. The orc closely misses you.
You hit the orc.
The orc is heavily wounded.
The orc hits you with a +2 falchion of electrocution.
You are electrocuted!!
Ouch! That really hurt!
* * * LOW HITPOINT WARNING * * *
You barely miss the orc.
The orc is heavily wounded.
The orc hits you with a +2 falchion of electrocution.
* * * LOW HITPOINT WARNING * * *
You are electrocuted!
You die...

.... .......... ...#
##...###.. ##...###
#...###.. #..o...#
........ #......+
........ #o.....#
........ #o###+#
##+####.
###.##..########.###..
#...#@............'...
#...o.............#>..
#...#.............#...
#..#####..........#...
##+# ##.######..##+.
#.######..##..
#........^....
#.............
#.............


You could see an orc.

Vanquished Creatures
  A scorpion (D:4)
  A hound (D:4)
  Jessica (D:3)
  2 orc wizards (D:4)
  8 gnolls
  A howler monkey zombie (D:3)
  An adder (D:3)
  A worm (D:3)
  3 dart slugs
  10 orcs
  12 bats
  6 endoplasms
  2 giant cockroaches
  6 goblins
  7 hobgoblins
  5 jackals
  2 quokkas
  8 ball pythons
  8 frilled lizards
  9 kobolds
  4 rats
98 creatures vanquished.

Vanquished Creatures (others)
  An orc wizard (D:4)
1 creature vanquished.

Grand Total: 99 creatures vanquished

Notes
Turn   | Place    | Note
-------+----------+-------------------------------------------
     0 | D:5      | GordonOverkill the Deep Elf Delver began the quest for the
                  | Orb.
     0 | D:5      | Reached XP level 1. HP: 13/13 MP: 3/3
     1 | D:5      | Noticed an orc wizard
     1 | D:5      | Noticed an orc wizard
    13 | D:4      | Noticed an orc wizard
    21 | D:4      | Noticed a hound
    30 | D:4      | Found a staircase to the Ecumenical Temple.
   101 | D:4      | Noticed a scorpion
   132 | D:3      | Noticed Jessica
   151 | D:3      | Reached skill level 1 in Evocations
   151 | D:3      | Reached XP level 2. HP: 8/18 MP: 4/4
   152 | D:3      | Killed Jessica
   153 | D:3      | Reached XP level 3. HP: 10/22 MP: 5/5
   750 | D:1      | Reached XP level 4. HP: 27/27 MP: 6/6
  2012 | D:2      | Reached skill level 5 in Evocations
  2032 | D:2      | Reached XP level 5. HP: 29/31 MP: 7/7
  2696 | D:3      | Found a runed translucent gate.
  2696 | D:3      | Found a runed translucent gate.
  2697 | D:3      | Found a runed translucent gate.
  2701 | D:3      | Noticed blamed's ghost (amateur VSFi)
  3223 | D:4      | Reached skill level 1 in Staves
  3223 | D:4      | Reached XP level 6. HP: 19/37 MP: 12/12
  3375 | Temple   | Entered the Ecumenical Temple
  3632 | Temple   | Became a worshipper of Vehumet
  4093 | D:4      | Learned a level 1 spell: Apportation
  4096 | D:4      | Learned a level 2 spell: Blink
  4645 | D:5      | Mangled by an orc

Illustrated notes

Levels and vault maps discovered:
D:1:      lightli_arrival_maybe_door_vault, layout_loops_ring,
          chequers_serial_rivers_room_a
D:2:      layout_basic
D:3:      layout_loops_cross, gammafunk_ghost_necromancy,
          kennysheep_generic_room_10, uniq_jessica
D:4:      layout_rooms, minmay_temple_entry_statues_pillars,
          kennysheep_cross_bottleneck, nicolae_elevator_lobby_plus
D:5:      layout_gridville, eino_tiny_chamber, minmay_fire_ice_demons,
          uniq_duvessa
Temple:   regret_index_temple_sigil_plot

Skill      XL: |  1  2  3  4  5  6 |
---------------+-------------------+-----
Evocations     | 1 3 5 |  5.0
Fighting       | 3 |  3.0
Spellcasting   | 3 |  3.0
Staves         | 1 3 |  3.0
Short Blades   | |  2.0
Dodging        | |  2.4
Stealth        | |  6.0
Translocations | |  0.9

Action                     |  1- 3 |  4- 6 || total
---------------------------+-------+-------++-------
  Melee: Short sword       |    98 |   133 ||   231
         Punch             |     3 |     4 ||     7
         Rapier            |       |   157 ||   157
         Staff             |       |     8 ||     8
  Throw: Boomerang         |       |     8 ||     8
  Evoke: Wand              |     3 |     5 ||     8
    Use: Scroll            |     1 |     3 ||     4
         Potion            |       |     4 ||     4
   Stab: Paralysed         |     3 |     4 ||     7
         Sleeping          |     6 |    24 ||    30
         Invisible         |       |     3 ||     3
 Armour: Leather armour    |    61 |   223 ||   284
  Dodge: Dodged            |    57 |   188 ||   245

Table legend: (Time is in decaauts)
 A = Elapsed time spent in this place.
 B = Non-inter-level travel time spent in this place.
 C = Inter-level travel time spent in this place.
 D = Time resting spent in this place.
 E = Time spent auto-exploring this place.
 F = Levels seen in this place.
 G = Mean time per level.
                   A        B        C        D        E       F      G
               +--------+--------+--------+--------+--------+-----+--------+
         Total |   4632 |   4352 |    280 |    858 |   2106 |   6 |  772.0 |
       Dungeon |   4387 |   4117 |    270 |    646 |   2106 |   5 |  877.4 |
        Temple |    244 |    234 |     10 |    212 |      0 |   1 |  244.0 |
               +--------+--------+--------+--------+--------+-----+--------+

Top non-repeatable levels by time:
     D:2: 1181 daAuts
     D:4: 1145 daAuts
     D:3: 948 daAuts
     D:1: 849 daAuts
     D:5: 263 daAuts
  Temple: 244 daAuts
